AoeStats
← arthur

Arabia

504722461Analyzed
1v1 RM · 26d ago on Sep 6, 2026· 32m 45s· 2 players
Game mode
Random Map
Map size
Tiny (2 player)
Population
200
Speed
Normal
Resources
Standard
Victory
Conquest
Starting age
Dark Age
Ending age
Imperial Age
RankedLock teamsTeams togetherTeam positionsShared explorationLock speedFull tech treeHidden civsTurbo modeCheats
Victory
Defeat
🇨🇳 Magyars · China
1556
+16
🇫🇷 Khmer · France
1560
-16
CTO
6:38 Loom
8:47 Feudal Age
12:14 Wheelbarrow
12:32 Double-Bit Axe
13:52 Horse Collar
20:53 Castle Age
20:54 Bloodlines
21:19 Scale Mail Armor
20:57 Pikeman
30:37 Scale Barding Armor
31:51 Chain Barding Armor
32:22 Husbandry
arthur
8:56 Loom
10:54 Feudal Age
14:01 Castle Age
12:13 Double-Bit Axe
12:31 Horse Collar
18:47 Bloodlines
20:05 Gold Mining
22:02 Scale Barding Armor
23:33 Forging
24:14 Bow Saw
25:36 Fletching
27:42 Husbandry
27:03 Light Cavalry
28:07 Bodkin Arrow
29:48 Chain Barding Armor
31:19 Wheelbarrow
30:57 Town Watch
32:24 Iron Casting
Connection lost

Rejoining the realm…

Still unreachable

The connection could not be restored.

Session expired

The server has moved on; the page needs a fresh start.